 Dungeon Crawl Stone Soup version 0.22.1-1-ga44c0e56f4 (webtiles) character file.

99 LLavrengius the Digger (level 4, -7/27 HPs)
             Began as a Gargoyle Earth Elementalist on Oct 3, 2018.
             Splashed by an orc's acid (15 damage)
             ... on level 3 of the Dungeon.
             The game lasted 00:09:06 (3034 turns).

LLavrengius the Digger (GrEE)                       Turns: 3034, Time: 00:09:07

Health: -7/27      AC:  1    Str: 11    XL:     4   Next: 72%
Magic:  7/7        EV: 12    Int: 17    God:
Gold:   94         SH:  0    Dex: 14    Spells: 6/7 levels left

rFire    . . .     SeeInvis .   i - -3 spear (curse)
rCold    . . .     Gourm    .   (no shield)
rNeg     + . .     Faith    .   c - +0 robe
rPois    ∞         Spirit   .   (no helmet)
rElec    +         Reflect  .   (no cloak)
rCorr    .         Harm     .   (no gloves)
MR       .....                  (no boots)
Stlth    ++........             (no amulet)
HPRegen  0.09/turn              q - +4 ring of dexterity
MPRegen  0.10/turn              (no ring)

@: corroded
A: negative energy resistance 1, electricity resistance, unbreathing,
petrification resistance, rot immunity, AC +3
a: no special abilities


You were on level 3 of the Dungeon.
You were not hungry.

You visited 1 branch of the dungeon, and saw 3 of its levels.

You collected 94 gold pieces.

Inventory:

Hand Weapons
 f - a +0 hunting sling
 g - a +0 club
 i - a cursed -3 spear (weapon)
 s - a +0 short sword of speed
 x - a +2 falchion of holy wrath
Missiles
 b - 52 stones
 e - 26 sling bullets
 k - 4 tomahawks (quivered)
 l - 40 arrows
Armour
 c - a +0 robe (worn)
Jewellery
 q - a +4 ring of dexterity (left hand)
Scrolls
 a - a scroll of blinking {unknown}
 h - 2 scrolls of enchant weapon {unknown}
 j - 2 scrolls of identify {unknown}
 m - a scroll of teleportation {unknown}
 o - a scroll of remove curse {unknown}
 p - 2 scrolls of amnesia {unknown}
 t - a scroll of random uselessness {unknown}
 u - 2 scrolls of immolation {unknown}
 v - a scroll of enchant armour {unknown}
Potions
 n - a potion of brilliance {unknown}
 r - a potion of might {unknown}
Comestibles
 d - 8 rations
 w - 4 chunks of flesh


   Skills:
 + Level 2.9 Fighting
 - Level 1.5 Dodging
 - Level 2.1 Stealth
 - Level 2.0 Spellcasting
   Level 0.7 Transmutations
 * Level 5.3 Earth Magic


You had 6 spell levels left.
You knew the following spells:

 Your Spells              Type           Power        Failure   Level  Hunger
a - Sandblast             Erth           ###...       2%          1    #......

Your spell library contained the following spells:

 Spells                   Type           Power        Failure   Level  Hunger
 Passwall                 Tmut/Erth      ##......     9%          2    ###....
 Beastly Appendage        Tmut           #.....       14%         1    #......
 Stone Arrow              Conj/Erth      ##....       21%         3    ###....
 Sticks to Snakes         Tmut           #.......     22%         2    ###....
 Spider Form              Tmut/Pois      #.........   45%         3    ###....
 Petrify                  Tmut/Erth      ##......     50%         4    #####..
 Lee's Rapid Deconstruct  Erth           ###.......   52%         5    ######.
 Ice Form                 Ice/Tmut       #.......     86%         4    #####..
 Blade Hands              Tmut           #.........   99%         5    ######.


Dungeon Overview and Level Annotations

Branches:
Dungeon (3/15)

Altars:


Innate Abilities, Weirdness & Mutations

You are resistant to torment.
Your stone body is resilient. (AC +3)
You are immune to poison.
You resist negative energy. (rN+)
You are resistant to electric shocks. (rElec)
You can survive without breathing.
You are immune to petrification.
You are immune to rotting.


Message History

The blast of sand hits the quokka.
You kill the quokka!
b - 52 stones You see here a quokka corpse.
You butcher the quokka corpse.
w - 4 chunks of flesh (gained 1)
You see here a quokka skeleton.
You start resting.
Magic restored.
You start resting.
HP restored.
d - 8 rations (gained 1)
An orc comes into view. It is wielding a short sword.
The orc shouts!
The orc zaps a wand.
The bolt of acid hits you!
Ouch! That really hurt!
* * * LOW HITPOINT WARNING * * *
The acid corrodes you!
You are splashed with acid!
The acid burns!
Ouch! That really hurt!
You die...

.. . . .#### ####...
#...o.# #.....# #...@.#
#### #.....# #.# #...
#.....# ###.######...
####.## #...)........
#.# #............
######.####............
#...................##.
#...................##.
#..................÷##.


You could see an orc.

Vanquished Creatures
  3 gnolls
  An adder (D:3)
  A worm (D:2)
  2 leopard geckos
  2 orcs
  2 ball pythons
  7 bats
  2 giant cockroaches
  5 goblins
  6 hobgoblins
  8 jackals
  A quokka (D:3)
  3 kobolds (D:2)
  5 rats
48 creatures vanquished.

Notes
Turn   | Place    | Note
-------+----------+-------------------------------------------
     0 | D:1      | LLavrengius the Gargoyle Earth Elementalist began the quest
                  | for the Orb.
     0 | D:1      | Reached XP level 1. HP: 10/10 MP: 3/3
   209 | D:1      | Reached skill level 1 in Fighting
   209 | D:1      | Reached XP level 2. HP: 10/16 MP: 5/5
   375 | D:2      | Reached skill level 4 in Earth Magic
   607 | D:1      | Reached XP level 3. HP: 2/21 MP: 3/6
  1752 | D:2      | Reached XP level 4. HP: 27/27 MP: 5/7
  1964 | D:2      | Reached skill level 5 in Earth Magic
  3034 | D:3      | Splashed by an orc's acid

Skill      XL: |  1  2  3  4 |
---------------+-------------+-----
Fighting       | 1 2 |  2.9
Earth Magic    | 4 5 |  5.3
Dodging        | |  1.5
Stealth        | |  2.1
Spellcasting   | |  2.0
Transmutations | |  0.7

Action                   |  1- 3 |  4- 6 || total
-------------------------+-------+-------++-------
Melee: Club              |    11 |       ||    11
       Unarmed           |     1 |       ||     1
       Spear             |    32 |   101 ||   133
 Cast: Sandblast         |    29 |    13 ||    42
 Stab: Sleeping          |       |     5 ||     5
  Eat: Chunk             |     3 |     4 ||     7
Armor: Robe              |    16 |    35 ||    51
Dodge: Dodged            |    35 |    71 ||   106
